 Dungeon Crawl Stone Soup version 0.25-a0-1137-g7f6bfe439b (webtiles) character file.

Game seed: 2959048635969084125, levelgen mode: classic

397 Amnesiac the Spear-Bearer (level 6, 0/47 HPs)
             Began as a Merfolk Skald on May 23, 2020.
             Slain by an iguana (11 damage)
             ... on level 4 of the Dungeon.
             The game lasted 00:06:20 (3084 turns).

Amnesiac the Spear-Bearer (Merfolk Skald)           Turns: 3084, Time: 00:06:21

Health: 0/47       AC:  3    Str: 13    XL:     6   Next: 83%
Magic:  1/9        EV: 12    Int: 13    God:
Gold:   217        SH:  0    Dex: 13    Spells: 3/9 levels left

rFire    . . .     SeeInvis .   a - +3 short sword (venom)
rCold    . . .     Gourm    .   (no shield)
rNeg     . . .     Faith    .   b - +0 leather armour
rPois    .         Spirit   .   (no helmet)
rElec    .         Reflect  .   (no cloak)
rCorr    .         Harm     .   (no gloves)
MR       .....                  (no boots)
Stlth    +.........             (no amulet)
HPRegen  0.15/turn              (no ring)
MPRegen  0.11/turn              (no ring)

@: infused, very slightly contaminated
A: change form in water, swift swim, stealthy swim
a: no special abilities


You were on level 4 of the Dungeon.
You were hungry.

You visited 1 branch of the dungeon, and saw 4 of its levels.

You collected 217 gold pieces.

Inventory:

Hand Weapons
 a - a +3 short sword of venom (weapon)
 h - a +2 dagger of flaming
 i - a +0 spear
Armour
 b - a +0 leather armour (worn)
 k - the +3 buckler of the Known World {Regen+, unknown}
   (You found it on level 4 of the Dungeon)

   It increases your rate of regeneration.
Wands
 f - a wand of enslavement (5)
 u - a wand of acid (9)
Scrolls
 g - a scroll of fear {!r, unknown}
 l - 3 scrolls of remove curse {!r}
 p - a scroll of noise {!r, unknown}
 q - 2 scrolls of random uselessness {!r, unknown}
Potions
 c - 3 potions of berserk rage {!q}
 e - a potion of mutation {!q}
 j - a potion of stabbing {!q}
 m - a potion of ambrosia {!q}
 n - a potion of curing {!q}
 o - a potion of brilliance {!q}
 r - a potion of invisibility {!q, unknown}
 s - 2 potions of lignification {!q, unknown}
 v - a potion of heal wounds {!q, unknown}
 w - a potion of flight {!q, unknown}
Comestibles
 d - 7 rations
 t - 5 chunks of flesh


   Skills:
 - Level 3.0 Fighting
 * Level 8.1 Polearms
 - Level 0.6 Armour
 - Level 2.6 Dodging
 - Level 2.0 Spellcasting
 + Level 5.1 Charms
 + Level 1.0 Evocations


You had 3 spell levels left.
You knew the following spells:

 Your Spells              Type           Power        Failure   Level  Hunger
a - Infusion              Chrm           ##..         4%          1    ##.....
b - Song of Slaying       Chrm           ##......     6%          2    ###....
e - Spectral Weapon       Hex/Chrm       #.......     34%         3    ####...

Your spell library contained the following spells:

 Spells                   Type           Power        Failure   Level  Hunger
 Shroud of Golubria       Chrm/Tloc      #.....       17%         2    ###....
 Ozocubu's Armour         Chrm/Ice       #.......     34%         3    ####...


Dungeon Overview and Level Annotations

Branches:
Dungeon (4/15)
 Temple: D:4-7

Altars:

Annotations:
D:1 1 exclusion


Message History

The jackal bites you.
You hit the jackal.
You kill the jackal!
The howler monkey barely misses you.
You barely miss the howler monkey.
Your magical infusion is running out.
The howler monkey hits you.
You hit the howler monkey.
The howler monkey is poisoned.
The howler monkey is moderately wounded.
The howler monkey barely misses you.
You hit the howler monkey.
The howler monkey is severely wounded.
The howler monkey hits you. The howler monkey closely misses you.
You hit the howler monkey.
The howler monkey is almost dead.
The howler monkey closely misses you.
You hit the howler monkey.
You kill the howler monkey!
Your Polearms skill increases to level 8!
Your Evocations skill increases to level 1!
No target in view!
You see here a jackal corpse.
You butcher the jackal corpse.
You are no longer magically infusing your attacks.
t - 8 chunks of flesh (gained 2)
You see here a jackal skeleton.
You start resting.
An iguana comes into view.
You start resting.
A quokka skeleton comes into view.
Casting: Infusion (safe; 4% risk of failure)
Confirm with . or Enter, or press ? or * to list all spells.
You miscast Spectral Weapon.
You are very lightly contaminated with residual magic.
Nothing appears to happen.
You are feeling hungry.
Casting: Spectral Weapon (quite dangerous; 34% risk of failure)
Confirm with . or Enter, or press ? or * to list all spells.
You don't have enough magic to cast that spell.
Some of the chunks of flesh in your inventory have rotted away.
The quokka skeleton bites you.
You hit the quokka skeleton.
The quokka skeleton is heavily damaged.
The quokka skeleton closely misses you.
You hit the quokka skeleton.
You destroy the quokka skeleton!
The iguana hisses angrily.
Casting: Spectral Weapon (quite dangerous; 34% risk of failure)
Confirm with . or Enter, or press ? or * to list all spells.
You begin infusing your attacks with magical energy.
You closely miss the iguana. The iguana bites you.
You hit the iguana.
The iguana is poisoned.
The iguana is lightly wounded.
The iguana bites you!
* * * LOW HITPOINT WARNING * * *
The iguana bites you.
* * * LOW HITPOINT WARNING * * *
You are too injured to fight recklessly!
You are too injured to fight recklessly!
You are too injured to fight recklessly!
You closely miss the iguana.
The iguana is heavily wounded.
The iguana bites you!
You die...

.......# #.###........
######.# #.##......... # #.##
#.##......... # #..#
#.##......... ##.###
###.##......... #...######...#
.(....... ###.....#..###
#..?.....
#############...######........
................@l............
##############......#.........
...... ##...#####.........
.... #....#####.!....... ....
#..#.......?....... ####.#
.....######รท..###.... .###.#
......# ##)## #..# ...#.#
...... #...# .. .#.#.#..##.##
#....#


You could see an iguana (poisoned).

Vanquished Creatures
  2 howler monkeys (D:4)
  A crimson imp (D:4)
  A hound (D:2)
  2 orc wizards (D:4)
  A hound skeleton (D:4)
  A gnoll (D:2)
  9 adders
  3 worms
  2 dart slugs
  3 leopard geckos
  4 orcs
  6 giant cockroaches
  9 goblins
  5 hobgoblins
  7 jackals
  11 kobolds
  A quokka (D:2)
  2 ball pythons (D:2)
  3 bats
  6 frilled lizards
  A leopard gecko skeleton (D:4)
  A quokka skeleton (D:4)
  11 rats
  A bush (D:2)
93 creatures vanquished.

Notes
Turn   | Place    | Note
-------+----------+-------------------------------------------
     0 | D:1      | Amnesiac the Merfolk Skald began the quest for the Orb.
     0 | D:1      | Reached XP level 1. HP: 16/16 MP: 3/3
   223 | D:1      | Reached XP level 2. HP: 13/23 MP: 1/5
   427 | D:1      | Reached skill level 4 in Polearms
   666 | D:1      | Reached XP level 3. HP: 27/28 MP: 6/6
   670 | D:1      | Learned a level 2 spell: Song of Slaying
   674 | D:1      | Learned a level 3 spell: Spectral Weapon
  1138 | D:2      | Reached XP level 4. HP: 23/34 MP: 3/7
  1198 | D:2      | Reached skill level 5 in Polearms
  1922 | D:2      | Reached XP level 5. HP: 41/41 MP: 1/8
  1979 | D:2      | Reached skill level 6 in Polearms
  2717 | D:4      | Reached skill level 7 in Polearms
  2717 | D:4      | Reached XP level 6. HP: 28/47 MP: 0/9
  2840 | D:4      | Got a twisted buckler
  2880 | D:4      | Reached skill level 5 in Charms
  3040 | D:4      | Reached skill level 8 in Polearms
  3040 | D:4      | Reached skill level 1 in Evocations
  3084 | D:4      | Slain by an iguana

Illustrated notes

Levels and vault maps discovered:
D:1:      dpeg_arrival_signposts, layout_loops_corners, due_unseen_surprise
D:2:      minmay_angry_zag, layout_rooms, minmay_hedge_maze
D:3:      layout_basic, first_ration, serial_park_tiny_2
D:4:      layout_rooms, minmay_three_crescents

Skill      XL: |  1  2  3  4  5  6 |
---------------+-------------------+-----
Polearms       | 4 5 7 8 |  8.1
Fighting       | 3 |  3.0
Charms         | 4 5 |  5.1
Evocations     | 1 |  1.0
Armour         | |  0.6
Dodging        | |  2.6
Spellcasting   | |  2.0

Action                   |  1- 3 |  4- 6 || total
-------------------------+-------+-------++-------
Melee: Spear             |    15 |       ||    15
       Short sword       |    76 |   180 ||   256
 Cast: Infusion          |     5 |    25 ||    30
       Song of Slaying   |       |     2 ||     2
       Spectral Weapon   |       |     2 ||     2
  Use: Scroll            |       |     8 ||     8
  Eat: Chunk             |     1 |     7 ||     8
Armor: Leather armour    |    15 |    42 ||    57
Dodge: Dodged            |    24 |   104 ||   128

Table legend:
 A = Non-vault XP
 B = Vault XP
 C = Vault XP percentage of total XP
 D = Non-vault monster count
 E = Vault monster count
 F = Vault count percentage of total count
                 A         B        C        D         E       F
            +---------+---------+-------+---------+---------+-------
      Total |     514 |      54 |   9.5 |      81 |      11 |  12.0
            +---------+---------+-------+---------+---------+-------
        D:1 |      37 |       0 |   0.0 |      22 |       0 |   0.0
        D:2 |     144 |      43 |  23.0 |      27 |       8 |  22.9
        D:3 |      61 |       0 |   0.0 |      16 |       0 |   0.0
        D:4 |     272 |      11 |   3.9 |      16 |       3 |  15.8
            +---------+---------+-------+---------+---------+-------
